 Dungeon Sprint DCSS version 0.25-a0-766-g0ecfff5982 (webtiles) character file.

Game seed: 10699220917653645536, levelgen mode: deterministic

255 Caerthir the Ducker (level 5, -1/43 HPs)
             Began as a Demonspawn Gladiator on Apr 13, 2020.
             Was an Initiate of Okawaru.
             Slain by a sky beast (2 damage)
             ... in the Dungeon (Sprint IX: "|||||||||||||||||||||||||||||").
             The game lasted 00:02:03 (269 turns).

Caerthir the Ducker (Demonspawn Gladiator)           Turns: 269, Time: 00:02:04

Health: -1/43      AC: 12    Str: 14    XL:     5   Next: 91%
Magic:  5/5        EV:  9    Int: 13    God:    Okawaru [......]
Gold:   0          SH:  0    Dex: 15    Spells: 4/4 levels left

rFire    . . .     SeeInvis .     - Unarmed
rCold    . . .     Gourm    .   (no shield)
rNeg     . . .     Faith    .   p - +1 chain mail
rPois    .         Spirit   .   (helmet restricted)
rElec    .         Reflect  .   (no cloak)
rCorr    .         Harm     .   (no gloves)
MR       .....     NoTele   +   (no boots)
Stlth    ..........             (no amulet)
HPRegen  0.14/turn              b - +3 ring of intelligence
MPRegen  0.09/turn              q - +2 ring of protection

@: berserk cooldown, slowed, very slow
A: claws 2, horns 1, powered by pain 1
a: Renounce Religion


You were in the Dungeon.
You worshipped Okawaru.
Okawaru was noncommittal.
You were not hungry.

You visited 1 branch

Inventory:

Missiles
 d - 3 throwing nets (quivered)
Armour
 c - a +0 helmet
 p - a +1 chain mail (worn)
Jewellery
 b - a +3 ring of intelligence (left claw)
 q - a +2 ring of protection (right claw)
Wands
 o - a wand of iceblast (10)
Scrolls
 k - 2 scrolls of blinking
 m - 3 scrolls of remove curse
 n - 2 scrolls of amnesia
Potions
 a - a potion of invisibility
 e - 5 potions of curing
 h - a potion of haste
 i - 4 potions of magic
Comestibles
 f - a ration


   Skills:
 + Level 4.6 Fighting
   Level 4.7 Long Blades
 + Level 3.3 Throwing
 + Level 4.3 Armour
 + Level 6.8 Dodging
 + Level 0.6 Stealth
 + Level 4.8 Unarmed Combat


You had 4 spell levels left.
You didn't know any spells.
Your spell library was empty.

Dungeon Overview and Level Annotations

Branches:
Dungeon (1/1)

Altars:
Cheibriados
Dithmenos
Elyvilon
Fedhas
Gozag
Hepliaklqana
Kikubaaqudgha
Makhleb
Nemelex Xobeh
Okawaru
Qazlal
Ru
Sif Muna
Trog
Uskayaw
Vehumet
Wu Jian
Xom
Yredelemnul
Zin
The Shining One
Beogh
Jiyva
Lugonu


Innate Abilities, Weirdness & Mutations

You have very sharp fingernails.
You have a pair of small horns on your head.
You sometimes gain a little power by taking damage.


Message History

You miss something. Your headbutt misses something.
Something hits you but does no damage. x2
You scratch something but do no damage. Something hits you.
Something shocks you.
* * * LOW HITPOINT WARNING * * *
You closely miss something. You headbutt something.
A sky beast appears from thin air!
Reactivating autopickup.
The sky beast hits you.
* * * LOW HITPOINT WARNING * * *
The sky beast shocks you.
* * * LOW HITPOINT WARNING * * *
You miss the sky beast.
The sky beast is almost dead.
The sky beast flickers out of sight!
Deactivating autopickup; reactivate with Ctrl-A.
Something hits you but does no damage.
A sky beast appears from thin air!
Reactivating autopickup.
The sky beast hits you.
You die...

▓|▓
▓)▓
▓[▓
▓[▓
▓[▓
▓.▓
▓.▓
▓)▓
▓@▓
▓Y▓
▓Y▓
▓.▓
▓.▓
▓.▓
▓+▓


You could see an ice beast and a sky beast.

Vanquished Creatures
  An ice beast (D)
  A bullfrog (D)
  2 crimson imps (D)
  A gnoll (D)
  An adder (D)
  3 orcs (D)
  2 goblins (D)
  A hobgoblin (D)
  2 kobolds (D)
14 creatures vanquished.

Notes
Turn   | Place    | Note
-------+----------+-------------------------------------------
     0 | D        | Caerthir the Demonspawn Gladiator began the quest for the
                  | Orb.
     0 | D        | Reached XP level 1. HP: 16/16 MP: 1/1
     5 | D        | Reached skill level 3 in Dodging
    29 | D        | Noticed a crimson imp
    29 | D        | Noticed a crimson imp
    36 | D        | Killed a crimson imp
    36 | D        | Reached skill level 4 in Dodging
    36 | D        | Gained mutation: You have sharp fingernails. [demonic
                  | ancestry]
    36 | D        | Reached XP level 2. HP: 23/23 MP: 2/2
    36 | D        | Gained mutation: You have very sharp fingernails. [demonic
                  | ancestry]
    36 | D        | Reached XP level 3. HP: 28/28 MP: 3/3
    71 | D        | Reached skill level 5 in Dodging
    91 | D        | Reached skill level 1 in Armour
    91 | D        | Reached skill level 1 in Unarmed Combat
    91 | D        | Gained mutation: You sometimes gain a little power by
                  | taking damage. [demonic ancestry]
    91 | D        | Reached XP level 4. HP: 20/35 MP: 4/4
   102 | D        | Found a roughly hewn altar of Beogh.
   102 | D        | Found a snail-covered altar of Cheibriados.
   102 | D        | Found a shadowy altar of Dithmenos.
   102 | D        | Found a white marble altar of Elyvilon.
   102 | D        | Found a blossoming altar of Fedhas.
   102 | D        | Found an opulent altar of Gozag.
   103 | D        | Found a hazy altar of Hepliaklqana.
   104 | D        | Found a viscous altar of Jiyva.
   105 | D        | Found an ancient bone altar of Kikubaaqudgha.
   106 | D        | Found a corrupted altar of Lugonu.
   107 | D        | Found a burning altar of Makhleb.
   108 | D        | Found a sparkling altar of Nemelex Xobeh.
   109 | D        | Found an iron altar of Okawaru.
   110 | D        | Found a stormy altar of Qazlal.
   111 | D        | Found a sacrificial altar of Ru.
   112 | D        | Found a shimmering blue altar of Sif Muna.
   113 | D        | Found a bloodstained altar of Trog.
   114 | D        | Found a hide-covered altar of Uskayaw.
   115 | D        | Found a radiant altar of Vehumet.
   116 | D        | Found an ornate altar of the Wu Jian Council.
   117 | D        | Became a worshipper of Warmaster Okawaru
   118 | D        | Found a shimmering altar of Xom.
   119 | D        | Found a basalt altar of Yredelemnul.
   120 | D        | Found a glowing silver altar of Zin.
   121 | D        | Found a glowing golden altar of the Shining One.
   228 | D        | Noticed an ice beast
   228 | D        | Noticed a bullfrog
   228 | D        | Noticed a sky beast
   228 | D        | Noticed an ice beast
   244 | D        | Killed an ice beast
   244 | D        | Reached skill level 6 in Dodging
   244 | D        | Gained mutation: You have a pair of small horns on your
                  | head. [demonic ancestry]
   244 | D        | Reached XP level 5. HP: 16/42 MP: 5/5
   268 | D        | HP: 1/43 [sky beast (6)]
   269 | D        | Slain by a sky beast

Levels and vault maps discovered:
D:        linesprint [early_d, line_temple, items_1, d_10, items_2, lair_1,
          lair_end, items_3, orc_1, orc_end, items_4, d_15, swamp_1, shoals_1,
          snake_1, spider_1, d_20, vaults_1, items_5, swamp_end, shoals_end,
          snake_end, spider_end, vaults_end, d_27, items_6, zot_1, zot_end,
          crypt_end, forest_end, elf_end, slime_end, tomb_end, abyss_end,
          pan_hell_end]

Skill      XL: |  1  2  3  4  5 |
---------------+----------------+-----
Long Blades    | 4 |  4.7
Dodging        | 4 5 6 |  6.8
Throwing       | 2 3 |  3.3
Fighting       | 3 4 |  4.6
Armour         | 1 3 4 |  4.3
Unarmed Combat | 1 3 4 |  4.8
Stealth        | |  0.6

Action                   |  1- 3 |  4- 6 || total
-------------------------+-------+-------++-------
Melee: Long sword        |    18 |       ||    18
       Unarmed           |    44 |    36 ||    80
       Headbutt          |       |     6 ||     6
  Use: Potion            |     1 |     3 ||     4
Armor: Leather armour    |     8 |       ||     8
       Chain mail        |       |    23 ||    23
Dodge: Dodged            |    47 |     8 ||    55
       Rpst.: Long sword |     4 |       ||     4

Table legend:
 A = Non-vault XP
 B = Vault XP
 C = Vault XP percentage of total XP
 D = Non-vault monster count
 E = Vault monster count
 F = Vault count percentage of total count
                 A         B        C        D         E       F
            +---------+---------+-------+---------+---------+-------
      Total |       0 |     365 | 100.0 |       0 |      14 | 100.0
            +---------+---------+-------+---------+---------+-------
          D |       0 |     365 | 100.0 |       0 |      14 | 100.0
            +---------+---------+-------+---------+---------+-------
